[Event "Thursday 05 April Rapid Engine Tour 12+1 Rounds 9 Starts 1600ST"]
[Site "Infinity Chess"]
[Date "2018.4.5"]
[Round "9"]
[White "Murx"]
[Black "Marsell"]
[Result "1/2-1/2"]
[ECO "C55"]
[WhiteElo "2500"]
[BlackElo "2469"]
[WhiteEngine "BrainFish_180404_x64_modern"]
[BlackEngine "asmFishW_2018-04-02_bmi2"]
[EventType "Swiss"]
[WhiteTeam ""]
[BlackTeam ""]
[PlyCount "117"]
[TimeControl "720+1"]

1. e4 e5 2. Nf3 Nc6 3. Bc4 Nf6 4. d3 Bc5 5. c3 d6 6. Bg5 h6 7. Bh4 g5 8. Bg3 a6 
9. a4 O-O 10. O-O Ba7 11. Nbd2 Nh7 12. h3 h5 13. Kh1 Kh8 14. b4 h4 15. Bh2 g4 
16. hxg4 Bxg4 17. b5 Na5 18. Ba2 Ng5 19. d4 h3 20. gxh3 Nxh3 21. Qe1 Rg8 
22. bxa6 Rg7 23. Qe3 Qf6 24. axb7 Nxb7 25. Nxe5 dxe5 26. Bxe5 Qxe5 27. Qh6+ Rh7 
28. Qxh7+ Kxh7 29. dxe5 Nc5 30. Bxf7 Rd8 31. Ra2 Rh8 32. Kg2 Nd3 33. Nf3 Kg7 
34. e6 Kf6 35. Kg3 Bxf3 36. Kxf3 Nhxf2 37. e5+ Nxe5+ 38. Kg3 Ned3 
39. Rfxf2+ Bxf2+ 40. Rxf2+ Nxf2 41. Kxf2 Rh3 42. Ke2 Rxc3 43. a5 Rg3 44. a6 Ra3 
45. a7 Rxa7 46. Kd3 Ra3+ 47. Ke4 Ra6 48. Kd3 Rd6+ 49. Kc3 Rd1 50. Bg8 Rc1+ 
51. Kd2 Rc6 52. Kd3 Rd6+ 53. Kc3 Rd8 54. Bf7 Rf8 55. Kb2 Ke7 56. Kc2 Rc8 
57. Bh5 Rh8 58. Bf7 Rh2+ 59. Kc3 1/2-1/2

[Event "Thursday 05 April Rapid Engine Tour 12+1 Rounds 9 Starts 1600ST"]
[Site "Infinity Chess"]
[Date "2018.4.5"]
[Round "9"]
[White "Brtroy"]
[Black "MCDermont"]
[Result "1/2-1/2"]
[ECO "C02"]
[WhiteElo "2505"]
[BlackElo "2514"]
[WhiteEngine "Stockfish_18040103_x64_bmi2_CTG"]
[BlackEngine "BrainFish 010418 WM_CTG"]
[EventType "Swiss"]
[WhiteTeam ""]
[BlackTeam ""]
[PlyCount "110"]
[TimeControl "720+1"]

1. e4 e6 2. d4 d5 3. e5 c5 4. c3 Nc6 5. Nf3 Qb6 6. a3 f6 7. Bd3 fxe5 
8. dxe5 Nge7 9. c4 dxc4 10. Bxc4 Nf5 11. Nc3 Be7 12. O-O O-O 13. Bd3 a6 
14. Re1 Qc7 15. Be4 Rb8 16. Ne2 Nxe5 17. Nxe5 Qxe5 18. Ng3 Qd6 19. Nxf5 exf5 
20. Bd5+ Kh8 21. Qf3 Qc7 22. b4 Bd6 23. bxc5 Qxc5 24. Be3 Qc3 25. Rad1 Qc7 
26. Ba7 Ra8 27. Bd4 Bd7 28. h3 Bb5 29. Bxb7 Rae8 30. Rc1 h6 31. Bd5 Kh7 
32. g3 Rxe1+ 33. Rxe1 Qc2 34. Re6 Bc5 35. Bxc5 Qxc5 36. Re5 Bc6 37. h4 Kh8 
38. Qe3 Qxe3 39. fxe3 Re8 40. Rxe8+ Bxe8 41. Kg2 g6 42. Kf3 Kg7 43. e4 Kf6 
44. exf5 Kxf5 45. Be4+ Kf6 46. Bd3 a5 47. Be4 Bd7 48. Bc2 a4 49. Ke3 g5 
50. Kd4 gxh4 51. gxh4 Ke6 52. Kc3 Ke5 53. h5 Bb5 54. Kb4 Be8 55. Bxa4 Bxh5 
1/2-1/2

[Event "Thursday 05 April Rapid Engine Tour 12+1 Rounds 9 Starts 1600ST"]
[Site "Infinity Chess"]
[Date "2018.4.5"]
[Round "9"]
[White "Mr Aj"]
[Black "xeonrocks"]
[Result "1/2-1/2"]
[ECO "A06"]
[WhiteElo "2450"]
[BlackElo "2591"]
[WhiteEngine "Houdini 6"]
[BlackEngine "Stockfish_x64_bmi2_CTG"]
[EventType "Swiss"]
[WhiteTeam ""]
[BlackTeam ""]
[PlyCount "206"]
[TimeControl "720+1"]

1. Nf3 d5 2. d4 Nf6 3. c4 e6 4. Nc3 c6 5. e3 Nbd7 6. Bd3 dxc4 7. Bxc4 b5 
8. Bd3 Bb7 9. O-O a6 10. Ne4 c5 11. Nxf6+ Qxf6 12. Bd2 cxd4 13. exd4 Bd6 
14. a4 b4 15. Rc1 h6 16. Be3 O-O 17. Nd2 Qe7 18. Nc4 Bc7 19. Qd2 a5 20. Bf4 Bxf4 
21. Qxf4 Ba6 22. Qe3 Nf6 23. Nxa5 Nd5 24. Nc6 Qb7 25. Qe4 Bxd3 26. Qxd3 Ra6 
27. Qc4 Rxa4 28. g3 Rfa8 29. Qb3 g6 30. h4 Kg7 31. Ne5 Nf6 32. Rfe1 h5 
33. Nc6 Nd5 34. Ne5 Ra2 35. Nd3 Qb6 36. Nc5 Qd6 37. Kg2 R8a7 38. Kg1 Qe7 
39. Ne4 R7a5 40. Red1 Ra8 41. Re1 Qd8 42. Qc2 Nf6 43. Ng5 Nh7 44. Nf3 Nf6 
45. Ng5 Nh7 46. Nf3 R8a7 47. Ne5 Qa8 48. Nd3 Nf6 49. Nxb4 R2a4 50. Qc5 Rd7 
51. Nc6 Rd5 52. Qc2 Rb5 53. Qd2 Qb7 54. Rc2 Ra2 55. Rb1 Nd5 56. Ne5 Ne7 
57. Qc1 Ra7 58. Qf4 Nd5 59. Qd2 Ra2 60. Nc4 Qb8 61. Rd1 Nb4 62. Rc3 Nd5 
63. Rf3 Rb3 64. Qe2 Rxf3 65. Qxf3 Qb7 66. Rc1 Qb4 67. Qe4 Ra8 68. Qe1 Qxe1+ 
69. Rxe1 Ra4 70. Rc1 Rb4 71. Kf1 Kf6 72. Rc2 g5 73. hxg5+ Kxg5 74. Ne5 f6 
75. Nf3+ Kg6 76. Rd2 Kf7 77. Ng1 f5 78. Nf3 f4 79. Kg2 fxg3 80. fxg3 Kf6 
81. Kh3 Ne7 82. Nh4 Kg5 83. Ng2 Nd5 84. Re2 Kf6 85. Kh4 e5 86. Kxh5 exd4 
87. Ne1 Rb3 88. Rf2+ Kg7 89. Kh4 Re3 90. Ng2 Rb3 91. g4 d3 92. Rd2 Kf6 
93. Kg3 Ke5 94. Kf3 Nf6 95. Nf4 Nxg4 96. Kxg4 Rb4 97. Rf2 Rd4 98. Kg5 d2 
99. Ng6+ Ke4 100. Rf1 d1=Q 101. Rxd1 Rxd1 102. Nf8 Rd2 103. Kf6 Rxb2 1/2-1/2

[Event "Thursday 05 April Rapid Engine Tour 12+1 Rounds 9 Starts 1600ST"]
[Site "Infinity Chess"]
[Date "2018.4.5"]
[Round "8"]
[White "localhero"]
[Black "IronMan"]
[Result "0-1"]
[ECO "C55"]
[WhiteElo "2406"]
[BlackElo "2456"]
[WhiteEngine "asmFishW_2017-10-04_popcnt"]
[BlackEngine "Eman 1.70-beta15 64-bit BMI2"]
[EventType "Swiss"]
[WhiteTeam ""]
[BlackTeam ""]
[PlyCount "160"]
[TimeControl "720+1"]

1. e4 e5 2. Nf3 Nc6 3. Bc4 Nf6 4. d3 Bc5 5. c3 a5 6. O-O d6 7. Bg5 O-O 8. a4 h6 
9. Bh4 g5 10. Bg3 Kg7 11. Na3 Be6 12. Bxe6 fxe6 13. h4 Qe7 14. Nc4 Ba7 
15. hxg5 hxg5 16. Nxg5 Rh8 17. Qf3 Rh6 18. Nh3 Kh8 19. Ne3 Nh5 20. Ng4 Rh7 
21. Kh1 Qg7 22. Bh2 Rg8 23. Ne3 Qg6 24. Rg1 Rf7 25. Qd1 Nf4 26. Nf1 Rh7 
27. Qf3 Rf8 28. Bxf4 Rxf4 29. Qg3 Rg4 30. Qf3 Rf4 31. Qg3 Qf7 32. Ne3 Rg7 
33. Qh2 Rh4 34. Rae1 Rgh7 35. Nc4 Ne7 36. Nxe5 dxe5 37. Qxe5+ Rg7 38. d4 Nc6 
39. Qh2 e5 40. Re3 exd4 41. Rf3 Qe7 42. Rf4 Rh6 43. e5 Rh5 44. Rf6 Nxe5 
45. Qf4 Rgg5 46. cxd4 Nd3 47. Qf3 Kg7 48. Rf4 Nxf4 49. Qxf4 Qd7 50. Qf3 Bxd4 
51. Rd1 Qxa4 52. b3 Qd7 53. Rd3 Rh4 54. Kg1 Qe6 55. Kf1 Re4 56. Kg1 Rf5 
57. Qg3+ Kf8 58. Kh1 Re1+ 59. Kh2 Be5 60. f4 Rxf4 61. Qxf4+ Bxf4+ 62. Nxf4 Qe5 
63. Rf3 Re4 64. g3 Rxf4 65. gxf4 Qe2+ 66. Kg3 b5 67. Kg4 a4 68. b4 a3 69. Kg3 a2 
70. Ra3 Qe1+ 71. Kg2 a1=Q 72. Rxa1 Qxa1 73. f5 Qe1 74. Kf3 Kf7 75. f6 Kxf6 
76. Kg2 Ke5 77. Kf3 Kf5 78. Kg2 Kg4 79. Kh2 Kf3 80. Kh3 Qh1# 0-1

[Event "Thursday 05 April Rapid Engine Tour 12+1 Rounds 9 Starts 1600ST"]
[Site "Infinity Chess"]
[Date "2018.4.5"]
[Round "8"]
[White "Vimtiroba"]
[Black "SkyPilot"]
[Result "1/2-1/2"]
[ECO "C44"]
[WhiteElo "2409"]
[BlackElo "2453"]
[WhiteEngine "SF9 ''M24''_CTG"]
[BlackEngine "stockfish_x64_bmi2_2018_03_30_CTG"]
[EventType "Swiss"]
[WhiteTeam ""]
[BlackTeam ""]
[PlyCount "193"]
[TimeControl "720+1"]

1. e4 e5 2. Nf3 Nc6 3. g3 Nf6 4. Nc3 Bb4 5. Bg2 d6 6. Nd5 Bc5 7. O-O O-O 
8. d3 Nxd5 9. exd5 Nd4 10. Ne1 Nf5 11. c3 a5 12. Nc2 Bd7 13. Bd2 Qf6 
14. Qe2 Rae8 15. Ne3 Nxe3 16. Bxe3 Bxe3 17. fxe3 Qg5 18. Rae1 h5 19. Qf2 f5 
20. h4 Qh6 21. Kh2 Re7 22. d4 Bb5 23. Rg1 Bd3 24. Qd2 Be4 25. Bxe4 fxe4 
26. dxe5 Rxe5 27. Rgf1 Rf3 28. Rxf3 exf3 29. Qf2 Rxd5 30. Qxf3 Qe6 31. e4 Re5 
32. b3 b5 33. Qd3 a4 34. c4 bxc4 35. bxc4 Qe8 36. Kg2 Qe6 37. Kh2 Qg4 
38. Re3 Qd7 39. Qc2 Qc6 40. Re1 Kh8 41. Qe2 Qb7 42. Qd3 Kg8 43. Re2 Qa7 
44. Qb1 Qa8 45. Qc2 Kh7 46. Re1 Kh8 47. Qd3 Kg8 48. Kh3 Kf7 49. Kh2 Ke7 
50. Re2 Qa7 51. Kg2 g6 52. Rf2 Qa8 53. Rf4 Qb7 54. Kh3 Qa6 55. Kh2 Qc6 
56. Qd4 Qc5 57. Qd3 Kd7 58. Rf7+ Kc6 59. Kh3 Qb4 60. Rf4 Kd7 61. Rf7+ Kc6 
62. Rf4 Qe1 63. Kh2 Kd7 64. a3 Ke7 65. Qd4 Qe2+ 66. Kh3 Qe1 67. Kh2 Ke6 
68. c5 Rxc5 69. Rf2 Kd7 70. Qg7+ Kc6 71. Qf8 Rc3 72. Qa8+ Kb6 73. Qb8+ Kc6 
74. Qa7 Rxa3 75. Rc2+ Rc3 76. Qxa4+ Kc5 77. Rg2 c6 78. Qa7+ Kc4 79. Qa2+ Kd4 
80. Qa7+ Kd3 81. Qa4 c5 82. Qd7 Rc1 83. Qxd6+ Kxe4 84. Qxg6+ Ke3 85. Qe6+ Kd4 
86. Qd6+ Ke4 87. Qe6+ Kd4 88. Qd6+ Ke4 89. Qe6+ Kd3 90. Qd5+ Ke3 91. Qe5+ Kd3 
92. Qf5+ Kc4 93. Qf4+ Kb3 94. Qf3+ Kc4 95. Qf4+ Kb3 96. Qf3+ Kc4 97. Qf4+ 
1/2-1/2

[Event "Thursday 05 April Rapid Engine Tour 12+1 Rounds 9 Starts 1600ST"]
[Site "Infinity Chess"]
[Date "2018.4.5"]
[Round "8"]
[White "koalachess"]
[Black "KQRBNP"]
[Result "1/2-1/2"]
[ECO "C53"]
[WhiteElo "2246"]
[BlackElo "2411"]
[WhiteEngine "asmFishW_2017-11-19_popcnt_CTG"]
[BlackEngine "Eman 1.70-beta15 64-bit POPCNT"]
[EventType "Swiss"]
[WhiteTeam ""]
[BlackTeam ""]
[PlyCount "98"]
[TimeControl "720+1"]

1. e4 e5 2. Nf3 Nc6 3. Bc4 Bc5 4. c3 Nf6 5. d4 exd4 6. cxd4 Bb4+ 7. Bd2 Nxe4 
8. Bxb4 Nxb4 9. Bxf7+ Kxf7 10. Qb3+ Kf8 11. Qxb4+ Qe7 12. Qxe7+ Kxe7 13. O-O Kd8 
14. Re1 Nf6 15. Nc3 d6 16. d5 Re8 17. Rxe8+ Kxe8 18. Nd4 Bd7 19. f3 c5 
20. dxc6 bxc6 21. b3 c5 22. Re1+ Kd8 23. Nc2 h6 24. Rd1 Kc7 25. Ne3 Rd8 
26. b4 cxb4 27. Ncd5+ Nxd5 28. Nxd5+ Kb7 29. Nxb4 Be6 30. a3 Kb6 31. Kf2 a5 
32. Nd3 Kb5 33. Nb2 d5 34. Ke3 Rc8 35. Nd3 Ka4 36. g4 Rc2 37. h3 Bd7 
38. Ne1 Rc3+ 39. Kd4 Rxa3 40. Nd3 Be8 41. Nc5+ Kb5 42. Rb1+ Kc6 43. Rb8 Bg6 
44. Rc8+ Kb5 45. f4 Be4 46. Rb8+ Kc6 47. Rc8+ Kb5 48. Rb8+ Kc6 49. Rc8+ Kb5 
1/2-1/2

[Event "Thursday 05 April Rapid Engine Tour 12+1 Rounds 9 Starts 1600ST"]
[Site "Infinity Chess"]
[Date "2018.4.5"]
[Round "8"]
[White "Mr Aj"]
[Black "star99"]
[Result "1-0"]
[ECO "A05"]
[WhiteElo "2435"]
[BlackElo "2398"]
[WhiteEngine "Houdini 6"]
[BlackEngine "Cryptic Heroes 9.3B"]
[EventType "Swiss"]
[WhiteTeam ""]
[BlackTeam ""]
[PlyCount "157"]
[TimeControl "720+1"]

1. Nf3 Nf6 2. c4 g6 3. d4 Bg7 4. Nc3 d5 5. cxd5 Nxd5 6. e4 Nxc3 7. bxc3 c5 
8. Rb1 O-O 9. Be2 b6 10. O-O Bb7 11. d5 Bxc3 12. Bc4 Bg7 13. Qd3 Qc8 
14. Bb2 Bxb2 15. Rxb2 Ba6 16. e5 e6 17. d6 Bxc4 18. Qxc4 Nd7 19. h4 Qb7 
20. h5 Qd5 21. Qe2 c4 22. Rd1 Qc5 23. Qe4 Rac8 24. Rc2 b5 25. Re2 c3 
26. hxg6 fxg6 27. Ng5 c2 28. Rc1 Qc4 29. Qe3 Qg4 30. f3 Qa4 31. g4 a6 
32. Rf2 Rf4 33. Kh2 Rff8 34. f4 Qc4 35. Kg1 Qd5 36. Qh3 Qd1+ 37. Kh2 Rf7 
38. Rf1 Qd2+ 39. Qg2 Qxg2+ 40. Kxg2 Nb6 41. Nxf7 Kxf7 42. Rh1 h5 43. Rh2 Nd5 
44. Kg3 Ne3 45. gxh5 gxh5 46. Rxh5 Nf5+ 47. Kf3 Rc3+ 48. Ke2 Ng3+ 49. Kd2 Ne4+ 
50. Ke1 Kg6 51. Rh2 Kf5 52. Rcxc2 Re3+ 53. Kd1 Kxf4 54. Rh4+ Kxe5 55. Rxe4+ Rxe4 
56. d7 Rd4+ 57. Rd2 Rxd7 58. Rxd7 Ke4 59. Ra7 Kd4 60. Rxa6 e5 61. a3 Kd5 
62. a4 bxa4 63. Rxa4 Kc6 64. Kc2 Kb5 65. Re4 Kc6 66. Rxe5 Kd6 67. Re1 Kc5 
68. Rd1 Kb4 69. Rd4+ Kb5 70. Kb3 Kc5 71. Rd1 Kb5 72. Rc1 Ka5 73. Kc4 Kb6 
74. Kb4 Ka6 75. Kc5 Kb7 76. Kb5 Ka7 77. Kc6 Ka8 78. Kc7 Ka7 79. Ra1# 1-0

[Event "Thursday 05 April Rapid Engine Tour 12+1 Rounds 9 Starts 1600ST"]
[Site "Infinity Chess"]
[Date "2018.4.5"]
[Round "8"]
[White "Time_bandit"]
[Black "Thinker"]
[Result "1/2-1/2"]
[ECO "C53"]
[WhiteElo "2431"]
[BlackElo "2442"]
[WhiteEngine "asmFishW_2018-02-02_popcnt"]
[BlackEngine "BrainFish_180329_x64_modern_CTG"]
[EventType "Swiss"]
[WhiteTeam ""]
[BlackTeam ""]
[PlyCount "75"]
[TimeControl "720+1"]

1. e4 e5 2. Nf3 Nc6 3. Bc4 Bc5 4. c3 Nf6 5. d3 d6 6. O-O O-O 7. Bg5 h6 8. Bh4 a5 
9. a4 Be6 10. Nbd2 Qe7 11. Re1 g5 12. Bg3 Ne8 13. Bxe6 fxe6 14. Nc4 Qf7 
15. Qb3 Rb8 16. Rf1 Ng7 17. Qb5 Qe8 18. Rad1 Nh5 19. d4 exd4 20. cxd4 Ba7 
21. Ne3 Rxf3 22. gxf3 Bxd4 23. Ng4 Qg6 24. Kg2 e5 25. Rh1 Kg7 26. Qb3 Bb6 
27. h4 Nd4 28. Qc4 Nxg3 29. fxg3 h5 30. Ne3 g4 31. Nf5+ Nxf5 32. exf5 gxf3+ 
33. Kxf3 Qxf5+ 34. Kg2 Qf2+ 35. Kh3 Qf5+ 36. Kg2 Qf2+ 37. Kh3 Qf5+ 38. Kg2 
1/2-1/2

[Event "Thursday 05 April Rapid Engine Tour 12+1 Rounds 9 Starts 1600ST"]
[Site "Infinity Chess"]
[Date "2018.4.5"]
[Round "8"]
[White "CrapCleaner"]
[Black "Prometheus"]
[Result "1/2-1/2"]
[ECO "B32"]
[WhiteElo "2429"]
[BlackElo "2451"]
[WhiteEngine "Houdini 6.03 Standard_CTG"]
[BlackEngine "Eman 1.70-beta15 64-bit BMI2"]
[EventType "Swiss"]
[WhiteTeam ""]
[BlackTeam ""]
[PlyCount "156"]
[TimeControl "720+1"]

1. e4 c5 2. Nf3 Nc6 3. d4 cxd4 4. Nxd4 e5 5. Nb5 d6 6. N1c3 a6 7. Na3 b5 
8. Nd5 Nf6 9. Bg5 Be7 10. Bxf6 Bxf6 11. c3 Rb8 12. Nc2 Bg5 13. a4 bxa4 
14. Ncb4 Nxb4 15. Nxb4 Bd7 16. Bxa6 Qb6 17. O-O O-O 18. Qh5 h6 19. Bc4 Kh8 
20. Qe2 Rbe8 21. h3 f5 22. Rad1 f4 23. Qd2 Qc5 24. Qxd6 Qxc4 25. Qxd7 Qxe4 
26. Qg4 Qh7 27. Nd5 h5 28. Qxg5 Rf5 29. Qh4 g5 30. Nf6 Rxf6 31. Qxg5 Rg6 
32. Qh4 Reg8 33. Kh1 Rxg2 34. Qf6+ Qg7 35. Qxg7+ R2xg7 36. Rfe1 Rb8 
37. Rxe5 Rxb2 38. Rxh5+ Kg8 39. Rd8+ Kf7 40. Rd7+ Kg6 41. Rxg7+ Kxg7 42. Kg2 Rb3 
43. Rc5 Kf6 44. Ra5 a3 45. Ra6+ Ke5 46. h4 Kf5 47. h5 Rxc3 48. h6 Rc7 
49. Rxa3 Rh7 50. Kf3 Kg5 51. Ra1 Rxh6 52. Ra5+ Kh4 53. Kxf4 Rf6+ 54. Ke3 Rb6 
55. Ke2 Rb1 56. Re5 Ra1 57. Re4+ Kh5 58. Kf3 Ra2 59. Re2 Ra1 60. Rb2 Kg5 
61. Rb4 Rc1 62. Rb5+ Kh6 63. Kg4 Rg1+ 64. Kf4 Ra1 65. f3 Ra4+ 66. Kf5 Kh5 
67. f4 Kh4 68. Re5 Ra6 69. Rc5 Ra1 70. Rc8 Ra5+ 71. Ke4 Kg4 72. Rd8 Ra1 
73. Rg8+ Kh5 74. f5 Ra4+ 75. Kd3 Ra1 76. f6 Rf1 77. Rf8 Kg6 78. Ra8 Rxf6 1/2-1/2

[Event "Thursday 05 April Rapid Engine Tour 12+1 Rounds 9 Starts 1600ST"]
[Site "Infinity Chess"]
[Date "2018.4.5"]
[Round "8"]
[White "THE_MACHINE"]
[Black "RonWeasley"]
[Result "1/2-1/2"]
[ECO "C11"]
[WhiteElo "2486"]
[BlackElo "2473"]
[WhiteEngine "BrainFish_180404_x64_bmi2"]
[BlackEngine "BrainFish 010418 WM_CTG"]
[EventType "Swiss"]
[WhiteTeam ""]
[BlackTeam ""]
[PlyCount "114"]
[TimeControl "720+1"]

1. e4 e6 2. d4 d5 3. Nc3 Nf6 4. e5 Nfd7 5. f4 c5 6. Nf3 Nc6 7. Be3 cxd4 
8. Nxd4 Qb6 9. Qd2 Qxb2 10. Rb1 Qa3 11. Bb5 Nxd4 12. Bxd4 a6 13. Bxd7+ Bxd7 
14. Rb3 Qe7 15. Rxb7 Rc8 16. O-O Qd8 17. f5 exf5 18. Qd3 Bc5 19. Bxc5 Rxc5 
20. Nxd5 Bc8 21. Re7+ Kf8 22. Qa3 Qa5 23. Qxa5 Rxa5 24. Rc7 Be6 25. Nf4 Rxe5 
26. Nxe6+ Rxe6 27. Rxf5 Re7 28. Rc8+ Re8 29. Rc7 Re7 30. Rc8+ Re8 31. Rfc5 Ke7 
32. R8c6 g6 33. Kf2 Ra8 34. Rc7+ Kf6 35. Rc3 Kg7 36. Rf3 Rhf8 37. Kg3 Rad8 
38. h4 Rd2 39. a3 Kg8 40. Rf2 Rxf2 41. Kxf2 Re8 42. Kf3 Kg7 43. c4 Kf6 
44. g3 Re7 45. Rxe7 Kxe7 46. Ke4 Kd6 47. Kd4 f5 48. a4 a5 49. c5+ Kc6 50. Kc4 h6 
51. Kd4 g5 52. hxg5 hxg5 53. Ke5 f4 54. gxf4 gxf4 55. Kxf4 Kxc5 56. Ke3 Kb4 
57. Kd2 Ka3 1/2-1/2

[Event "Thursday 05 April Rapid Engine Tour 12+1 Rounds 9 Starts 1600ST"]
[Site "Infinity Chess"]
[Date "2018.4.5"]
[Round "8"]
[White "Deep_Impact"]
[Black "Eman"]
[Result "1/2-1/2"]
[ECO "B20"]
[WhiteElo "2459"]
[BlackElo "2493"]
[WhiteEngine "BrainFish_180404_x64_bmi2"]
[BlackEngine "Eman 1.70-beta15 64-bit POPCNT"]
[EventType "Swiss"]
[WhiteTeam ""]
[BlackTeam ""]
[PlyCount "127"]
[TimeControl "720+1"]

1. e4 c5 2. d4 cxd4 3. Nf3 d6 4. Nxd4 Nf6 5. Nc3 a6 6. Be2 e5 7. Nb3 Be7 
8. Be3 Be6 9. Qd3 O-O 10. O-O Nc6 11. a3 Rc8 12. Nd5 Nd7 13. Qd2 h6 14. h3 Bg5 
15. Bxg5 Qxg5 16. Qxg5 hxg5 17. Rfd1 Rfd8 18. Bg4 Nf6 19. f3 b5 20. Rd3 Nxg4 
21. hxg4 f6 22. c3 Kf8 23. Kf2 Ne7 24. Nxe7 Kxe7 25. Na5 Rc7 26. Rad1 Rdd7 
27. Ke3 Rd8 28. R3d2 Rdd7 29. Kf2 Rd8 30. Kg1 Bg8 31. Kf2 Bc4 32. Ra1 Be6 
33. Rad1 Rcc8 34. Rd3 Rd7 35. Ke3 Rcc7 36. Rh1 d5 37. exd5 Rxd5 38. Rxd5 Bxd5 
39. Rh8 Ra7 40. Rc8 Kd7 41. Rh8 Ke7 42. Rc8 Kd7 43. Rb8 Kd6 44. b3 Rc7 
45. Kd3 Rd7 46. Rc8 Ra7 47. c4 Ra8 48. Rxa8 Bxa8 49. cxb5 axb5 50. a4 bxa4 
51. bxa4 Bd5 52. Nc4+ Kc5 53. Ne3 Bc6 54. a5 Bb7 55. Kc3 Kb5 56. Nf5 Kxa5 
57. Nxg7 e4 58. fxe4 Bxe4 59. Kd4 Bc6 60. Nh5 Bxg2 61. Nxf6 Kb4 62. Ke3 Bh3 
63. Kf2 Bxg4 64. Nxg4 1/2-1/2

[Event "Thursday 05 April Rapid Engine Tour 12+1 Rounds 9 Starts 1600ST"]
[Site "Infinity Chess"]
[Date "2018.4.5"]
[Round "8"]
[White "Marsell"]
[Black "MarioDeMonti"]
[Result "1/2-1/2"]
[ECO "C55"]
[WhiteElo "2468"]
[BlackElo "2500"]
[WhiteEngine "asmFishW_2018-04-02_bmi2"]
[BlackEngine "stockfish_x64_bmi2_2018_02_18_CTG"]
[EventType "Swiss"]
[WhiteTeam ""]
[BlackTeam ""]
[PlyCount "119"]
[TimeControl "720+1"]

1. e4 e5 2. Nf3 Nc6 3. Bc4 Nf6 4. d3 Bc5 5. c3 d6 6. O-O O-O 7. h3 a5 
8. Nbd2 Be6 9. Bb5 h6 10. Re1 Qb8 11. Nf1 Qa7 12. Be3 Bxe3 13. Nxe3 Ne7 
14. a4 Ng6 15. Bc4 Bxc4 16. Nxc4 Qa6 17. b3 Rfe8 18. Qc2 Nf4 19. Kh2 Qc6 
20. Rad1 b6 21. d4 exd4 22. Nxd4 Qc5 23. g3 Ng6 24. Re2 Rad8 25. Nb2 Qg5 
26. Rf1 h5 27. f4 Qh6 28. Kg2 d5 29. e5 Ne4 30. Nd1 Qh7 31. h4 Nxh4+ 
32. gxh4 Qg6+ 33. Kh1 Ng3+ 34. Kg2 Ne4+ 35. Kh2 Qg3+ 36. Kh1 c5 37. Nf3 Qxf4 
38. Kg1 Ng3 39. Ref2 d4 40. cxd4 Nxf1 41. Ng5 Qxd4 42. Qh7+ Kf8 43. Nb2 Nd2 
44. Qxh5 g6 45. Qh7 Rd7 46. e6 Ne4 47. Qh6+ Kg8 48. exf7+ Rxf7 49. Qxg6+ Qg7 
50. Qxf7+ Qxf7 51. Rxf7 Nxg5 52. Rb7 Nf3+ 53. Kf2 Nxh4 54. Rxb6 Nf5 55. Nc4 Nd4 
56. Nxa5 Re4 57. Nb7 Nxb3 58. Rxb3 Rxa4 59. Na5 Rxa5 60. Rf3 1/2-1/2

[Event "Thursday 05 April Rapid Engine Tour 12+1 Rounds 9 Starts 1600ST"]
[Site "Infinity Chess"]
[Date "2018.4.5"]
[Round "8"]
[White "hafaba"]
[Black "Murx"]
[Result "1/2-1/2"]
[ECO "D10"]
[WhiteElo "2471"]
[BlackElo "2501"]
[WhiteEngine "Eman 1.70-beta15 64-bit POPCNT"]
[BlackEngine "BrainFish_180404_x64_modern"]
[EventType "Swiss"]
[WhiteTeam ""]
[BlackTeam ""]
[PlyCount "98"]
[TimeControl "720+1"]

1. d4 d5 2. c4 c6 3. cxd5 cxd5 4. Bf4 Nc6 5. e3 Bf5 6. Qb3 Qd7 7. Nf3 f6 
8. Nc3 e6 9. Bb5 Rc8 10. O-O a6 11. Bxc6 Rxc6 12. Rac1 h5 13. h4 Qc8 
14. Rfe1 Ne7 15. Nd2 Kf7 16. e4 Bg6 17. a3 Kg8 18. Red1 b5 19. Re1 dxe4 
20. Ndxe4 Kh7 21. Qd1 Nf5 22. d5 exd5 23. Nxd5 Rxc1 24. Qxc1 Qxc1 25. Rxc1 Bf7 
26. Rc7 Kg6 27. Ne3 Nxh4 28. Ng3 Be6 29. b4 Nf5 30. Ngxf5 Bxf5 31. Ra7 h4 
32. Bh2 Bb1 33. f3 Rh5 34. Rxa6 Kf7 35. Rb6 Be7 36. g4 hxg3 37. Bxg3 Rh3 
38. Kg2 Rh5 39. Rb7 Rg5 40. Kf2 Kf8 41. Ra7 Ba2 42. Ra8+ Kf7 43. Ra7 Kf8 
44. Ra8+ Kf7 45. Rh8 g6 46. Rh7+ Kf8 47. Rh8+ Kf7 48. Rh7+ Ke8 49. Rh8+ Kf7 
1/2-1/2

[Event "Thursday 05 April Rapid Engine Tour 12+1 Rounds 9 Starts 1600ST"]
[Site "Infinity Chess"]
[Date "2018.4.5"]
[Round "8"]
[White "ivrdurant"]
[Black "Brtroy"]
[Result "1/2-1/2"]
[ECO "C50"]
[WhiteElo "2467"]
[BlackElo "2507"]
[WhiteEngine "Raubfisch ME262_GTZ16d4"]
[BlackEngine "Stockfish_18040103_x64_bmi2_CTG"]
[EventType "Swiss"]
[WhiteTeam ""]
[BlackTeam ""]
[PlyCount "138"]
[TimeControl "720+1"]

1. e4 e5 2. Nf3 Nc6 3. Bc4 Bc5 4. d3 Nf6 5. O-O a5 6. c3 d6 7. Re1 O-O 
8. Nbd2 Ba7 9. Nf1 Be6 10. Bb5 Ne7 11. d4 exd4 12. Nxd4 Ng6 13. Ba4 h6 
14. Be3 Bc8 15. Bc2 Re8 16. Ng3 d5 17. f3 Bd7 18. Bf2 dxe4 19. Nxe4 Nxe4 
20. Bxe4 Qg5 21. Qc1 Nf4 22. Bg3 Ne6 23. Qxg5 hxg5 24. Bf2 Rad8 25. Red1 Nf4 
26. Rd2 Bb5 27. Rad1 Ba6 28. h4 gxh4 29. Bxh4 Rd7 30. Kh2 c6 31. Nf5 Rxd2 
32. Rxd2 g6 33. Nd6 Re5 34. g3 Nd5 35. f4 Rh5 36. Bxd5 Rxd5 37. Rxd5 cxd5 
38. Bf6 Bc5 39. Nc8 Bc4 40. b3 Bd3 41. Bd8 d4 42. cxd4 Bxd4 43. Bb6 Bxb6 
44. Nxb6 f6 45. Kg2 Kf7 46. Kf2 Ke7 47. Ke3 Bb1 48. Nd5+ Ke6 49. Nc3 Bf5 
50. Kd4 g5 51. fxg5 fxg5 52. Nd5 Bb1 53. Nc3 Bg6 54. Nd5 Bb1 55. Nc3 Bf5 
56. Kc5 Ke5 57. Nb5 Be4 58. Nc3 Bg2 59. Nb5 Bf3 60. Kb6 Bd5 61. Kxa5 Bf3 
62. a4 Kf5 63. Nd4+ Kg4 64. Nxf3 Kxf3 65. Kb6 g4 66. b4 Kxg3 67. Kxb7 Kf3 
68. a5 g3 69. a6 g2 1/2-1/2

[Event "Thursday 05 April Rapid Engine Tour 12+1 Rounds 9 Starts 1600ST"]
[Site "Infinity Chess"]
[Date "2018.4.5"]
[Round "8"]
[White "xeonrocks"]
[Black "MCDermont"]
[Result "1/2-1/2"]
[ECO "C02"]
[WhiteElo "2594"]
[BlackElo "2511"]
[WhiteEngine "Stockfish_x64_bmi2_CTG"]
[BlackEngine "BrainFish 010418 WM_CTG"]
[EventType "Swiss"]
[WhiteTeam ""]
[BlackTeam ""]
[PlyCount "142"]
[TimeControl "720+1"]

1. e4 e6 2. d4 d5 3. e5 c5 4. c3 Nc6 5. Nf3 Qb6 6. a3 f6 7. Bd3 fxe5 
8. dxe5 Nge7 9. c4 dxc4 10. Bxc4 Nf5 11. O-O Be7 12. Nc3 O-O 13. Re1 Qd8 
14. Bd3 b6 15. Ne2 Na5 16. b4 cxb4 17. Ned4 b3 18. Nxb3 Nxb3 19. Qxb3 Bc5 
20. Be4 Rb8 21. Bxf5 Rxf5 22. Be3 Rb7 23. Rac1 Bxe3 24. Rxe3 Rc7 25. Rxc7 Qxc7 
26. h3 h6 27. Rc3 Qd7 28. Rd3 Qc7 29. Rd4 Rf4 30. Rd6 Qc1+ 31. Rd1 Qc5 
32. Rd3 Qc6 33. Rd6 Qc1+ 34. Rd1 Qc5 35. Rd3 Qc6 36. Rc3 Qe8 37. Nh2 Bb7 
38. Ng4 Rd4 39. Rc7 Rd7 40. Rc4 b5 41. Rb4 a6 42. Kh2 Bd5 43. Qc2 Bc4 44. Ne3 a5 
45. Rb2 a4 46. Nxc4 Rc7 47. Qd2 Rxc4 48. Qd6 Rc3 49. Qb4 Rd3 50. Qxb5 Qxb5 
51. Rxb5 Rxa3 52. g4 g6 53. Rb6 Kf7 54. Rb7+ Ke8 55. Rg7 g5 56. Ra7 Ra2 
57. Kg3 a3 58. f4 Kf8 59. h4 gxf4+ 60. Kxf4 Rf2+ 61. Ke3 Rh2 62. Ra8+ Ke7 
63. Ra7+ Kf8 64. Kf4 a2 65. Ra8+ Ke7 66. Ke3 h5 67. gxh5 Rxh4 68. Rxa2 Rxh5 
69. Ra7+ Kf8 70. Ra4 Rh3+ 71. Kd2 Rh1 1/2-1/2

[Event "Thursday 05 April Rapid Engine Tour 12+1 Rounds 9 Starts 1600ST"]
[Site "Infinity Chess"]
[Date "2018.4.5"]
[Round "7"]
[White "koalachess"]
[Black "IronMan"]
[Result "0-1"]
[ECO "C58"]
[WhiteElo "2254"]
[BlackElo "2448"]
[WhiteEngine "asmFishW_2017-11-19_popcnt_CTG"]
[BlackEngine "Eman 1.70-beta15 64-bit BMI2"]
[EventType "Swiss"]
[WhiteTeam ""]
[BlackTeam ""]
[PlyCount "128"]
[TimeControl "720+1"]

1. e4 e5 2. Nf3 Nc6 3. Bc4 Nf6 4. Ng5 d5 5. exd5 Na5 6. Bb5+ c6 7. dxc6 bxc6 
8. Qf3 Be7 9. Bd3 O-O 10. Nc3 h6 11. Nge4 Nxe4 12. Bxe4 f5 13. Bxc6 Nxc6 
14. Qxc6 Bd7 15. Qc4+ Rf7 16. Qe2 Rc8 17. b3 Bc6 18. O-O Bc5 19. Qxe5 Bd4 
20. Qf4 Qd7 21. Ba3 Rf6 22. Rfe1 Rg6 23. g3 Ba8 24. Kf1 Bf6 25. Qe3 Kh7 
26. Qd3 Qc6 27. Nd5 Bxa1 28. c4 Qa6 29. Ne7 Bf6 30. Qxf5 Bxe7 31. Rxe7 Qxa3 
32. Re6 Qc1+ 33. Ke2 Bf3+ 34. Kxf3 Qd1+ 35. Kg2 Qg4 36. Qxg4 Rxg4 37. f4 Rd8 
38. Kf3 Rg6 39. Rxg6 Kxg6 40. Ke3 Re8+ 41. Kf3 Re1 42. h4 Ra1 43. d3 Rxa2 
44. b4 h5 45. Ke4 Rg2 46. Kf3 Rb2 47. b5 Kf5 48. Ke3 Rg2 49. Kd4 Rxg3 
50. c5 Kxf4 51. c6 Rg1 52. Kc4 g5 53. hxg5 h4 54. c7 Rc1+ 55. Kb4 Rxc7 56. d4 h3 
57. b6 axb6 58. g6 h2 59. g7 h1=Q 60. g8=Q Qe1+ 61. Ka3 Qc3+ 62. Ka4 Qa5+ 
63. Kb3 Qb5+ 64. Ka2 Ra7# 0-1